 Dungeon Crawl Stone Soup version 0.22-a0-161-g198051cff3 (console) character file.

45 Muffindrake the Sneak (level 3, -2/27 HPs)
             Began as a Vampire Assassin on Feb 11, 2018.
             Slain by an orc
             ... wielding a +0 short sword
              (4 damage)
             ... on level 2 of the Dungeon.
             The game lasted 00:03:10 (786 turns).

Muffindrake the Sneak (Vampire Assassin)             Turns: 786, Time: 00:03:11

Health: -2/27      AC:  3    Str: 10    XL:     3   Next: 42%
Magic:  2/2        EV: 12    Int: 13    God:
Gold:   20         SH:  0    Dex: 16    Spells: 2/2 levels left

rFire    . . .     SeeInvis +   a - +2 dagger
rCold    . . .     Gourm    .   (no shield)
rNeg     + . .     Faith    .   c - +0 robe
rPois    .         Spirit   .   (no helmet)
rElec    .         Reflect  .   d - +0 cloak
rCorr    .         Harm     .   (no gloves)
MR       .....                  (no boots)
Stlth    +++.......             h - amulet of regeneration
HPRegen  0.49/turn              (no ring)
MPRegen  0.08/turn              (no ring)

@: lethally poisoned (-2 -> -2)
A: fangs 3, see invisible, blink, low mp 1, unbreathing
a: Bat Form, Blink


You were on level 2 of the Dungeon.
You were not thirsty.

You visited 1 branch of the dungeon, and saw 2 of its levels.

You collected 20 gold pieces.

Inventory:

Hand Weapons
 a - a +2 dagger (weapon)
 b - a +0 blowgun
Missiles
 e - 8 poisoned needles (quivered)
 f - 2 curare-tipped needles
Armour
 c - a +0 robe (worn)
 d - a +0 cloak (worn)
Jewellery
 h - an amulet of regeneration (around neck)
Potions
 g - 9 potions of blood


   Skills:
 + Level 2.2 Fighting
 + Level 2.9 Short Blades
 + Level 1.6 Throwing
 + Level 1.3 Dodging
 + Level 6.7 Stealth


You had 2 spell levels left.
You didn't know any spells.

Dungeon Overview and Level Annotations

Branches:
Dungeon (2/15)

Altars:


Innate Abilities, Weirdness & Mutations

You have razor-sharp teeth.
You have supernaturally acute eyesight. (SInv)
You can survive without breathing.
You can translocate small distances at will.
Your magical capacity is low. (-10% MP)


Message History

The orc is moderately wounded.
You feel sick. The frilled lizard closely misses you.
You hit the orc but do no damage.
The orc is moderately wounded.
The orc closely misses you. The goblin barely misses you.
The frilled lizard misses you.
You hit the orc but do no damage.
The orc is moderately wounded.
The goblin hits you but does no damage. The orc hits you with a short sword.
The frilled lizard bites you.
* * * LOW HITPOINT WARNING * * *
You hit the orc but do no damage.
The orc is moderately wounded.
The orc hits you with a short sword.
* * * LOW HITPOINT WARNING * * *
The goblin closely misses you. The frilled lizard closely misses you.
You closely miss the orc.
The orc is moderately wounded.
You feel sick. The goblin hits you.
* * * LOW HITPOINT WARNING * * *
The orc hits you with a short sword.
You die...

.........#.#.##.......#
.......#.#...# .......#
....##.#.#...# .....#
.............# .w.#
######.#.###.#####'#######+
#.#.....##............
#.###...............
##.#.......l....
#.####'#######+ #.###ow.##
#.##@lr..# #.#..g....#
#.#.......# #.#...?...#
##.....## ##...## #####


You could see a worm, an orc, a goblin, a frilled lizard and a rat.

Vanquished Creatures
  An adder (D:2)
  A dart slug (D:1)
  4 leopard geckos
  A giant cockroach (D:2)
  5 goblins
  6 hobgoblins
  3 kobolds
  3 bats (D:1)
  A frilled lizard (D:2)
  5 rats (D:1)
30 creatures vanquished.

Notes
Turn   | Place    | Note
-------+----------+-------------------------------------------
     0 | D:1      | Muffindrake the Vampire Assassin began the quest for the Orb.
     0 | D:1      | Reached XP level 1. HP: 16/16 MP: 1/1
     4 | D:1      | Reached skill level 6 in Stealth
    89 | D:1      | Reached XP level 2. HP: 18/22 MP: 2/2
   466 | D:1      | Gained mutation: Your magical capacity is low. (-10% MP) [potion of mutation]
   466 | D:1      | Gained mutation: You can translocate small distances at will. [potion of mutation]
   675 | D:2      | Reached XP level 3. HP: 19/27 MP: 2/2
   786 | D:2      | Slain by an orc

Vault maps used:
D:1:      onia_arrival_mini_spirals
D:2:      kennysheep_six_static_rooms, chequers_ecumenical_altar_simple_redux,
          palyth_stone_intersect

Skill      XL: |  1  2  3 |
---------------+----------+-----
Stealth        | 6 |  6.7
Fighting       | 2 |  2.2
Short Blades   | |  2.9
Throwing       | |  1.6
Dodging        | |  1.3

Action                   || total
-------------------------++-------
Melee: Dagger            ||   105
       Bite              ||    16
  Use: Potion            ||     6
       Scroll            ||     2
 Stab: Sleeping          ||     2
Armor: Robe              ||    17
Dodge: Dodged            ||    66

Table legend:
 A = Spawn XP
 B = Non-spawn XP
 C = Spawn XP percentage of total XP
 D = Spawn monster count
 E = Non-spawn monster count
 F = Spawn count percentage of total count
 G = Total turns spent on level
                    A         B        C        D         E        F      G
               +---------+---------+-------+---------+---------+-------+---------
         Total |       0 |      65 |   0.0 |       0 |      30 |   0.0 |   786
               +---------+---------+-------+---------+---------+-------+---------
           D:1 |       0 |      37 |   0.0 |       0 |      21 |   0.0 |   665
           D:2 |       0 |      28 |   0.0 |       0 |       9 |   0.0 |   121
               +---------+---------+-------+---------+---------+-------+---------
